amy, neutral female human Ranger -- --- --- -- ----.---.| -----.---.-- -- ----.....|^.| --.--.......| |...............| |..........-- -............|..| |.........(.| |......... ---|..| -----------^....)...-- ----... | - |..| -- - |...........%....*--- -- . |..-----.--.| |...-------.--..%.| -.--..*........| ---.| |.|.....- |..............--- ---|.--- |.|.--...... | |................| --..|...| |.|- |.........- |...................| |...[%C'| |.| --........... ----.|.....%...|..--- |..)...@- |.| --.......- .- ---.|.....---- | ---.>)...- |.| --....|.. ..---..-- ----.h.)| |.-- ....| -- -- |.... ...--- |..-- --... ----.- .--- |...--- -..- .. -.....- --- -- |.......| ------.-- -- amy the Trailblazer Experience level: 6 Strength: 16 Dexterity: 10 Constitution: 16 Intelligence: 16 Wisdom: 13 Charisma: 7 Health: 0(50) Energy: 32(32) Def: 9 Gold: 311 Moves: 2767 Dungeon seed: TYV6VSOgL61SM1kW Game ID: amy_1469704227 Your Inventory: Coins $ - 311 gold pieces Weapons a - a blessed +1 dagger b - a blessed +2 bow (weapon in hand) c - 59 uncursed +2 arrows d - 13 uncursed +0 arrows (in quiver) s - the cursed +0 Cleaver L - 8 uncursed poisoned +0 arrows P - 3 uncursed +0 daggers W - 51 cursed +2 arrows X - 35 cursed +0 arrows Armor e - an uncursed +2 cloak of displacement (being worn) n - an uncursed +0 chain mail named ok (being worn) q - an uncursed +0 orcish helm (being worn) y - an uncursed +0 dwarvish mithril-coat N - an uncursed +0 dwarvish iron helm Comestibles f - an uncursed partly eaten cram ration i - a cursed sprig of wolfsbane B - an uncursed sprig of wolfsbane D - an uncursed food ration Z - 3 cursed cram rations named cursed Scrolls j - a cursed scroll of light E - an uncursed scroll of scare monster U - an uncursed scroll of remove curse Potions k - a cursed potion of object detection o - an uncursed potion of levitation p - 3 uncursed potions of water r - a cursed potion of gain energy O - an uncursed potion of paralysis Wands g - an uncursed wand of slow monster (0:2) l - a cursed wand of create monster (0:14) m - an uncursed wand of slow monster (0:3) A - an uncursed wand of cancellation (0:3) Tools h - an uncursed skeleton key z - an uncursed +0 pick-axe M - 5 uncursed partly used tallow candles (lit) (0:6) S - an uncursed bag of holding Spells and supernatural/magical abilities: Name Level Category Fail Memory W - pray for help -- divine ? -- Your skills at the end: Miscellaneous Skills wands [Basic] Weapon Skills dagger [Basic] bow [Skilled] Spellcasting Skills Final Attributes: You were devoutly aligned. You had automatic searching. You were displaced. You are dead. Vanquished creatures: a ghost a dwarf mummy a human zombie a bugbear 6 gnome lords a gnomish wizard a guardian naga hatchling 2 little dogs 5 dwarves an iguana a giant bat 2 dwarf zombies a wererat 2 hobbits a large kobold a gecko a giant rat 2 cave spiders a yellow mold 20 gnomes 6 jackals a fox 10 newts 2 goblins 3 sewer rats 4 grid bugs 2 lichens 2 kobold zombies 82 creatures vanquished. Voluntary challenges: You had followed a strict vegan diet until turn 1889. You had followed a strict vegetarian diet until turn 1889. You did not adorn yourself with jewelry or accessories. You used a wielded weapon 35 times, starting on turn 109. You did not apply a unicorn horn. You read items or engraved 4 times, starting on turn 837. You never genocided any monsters. You never polymorphed an object. You never changed form. You used no wishes. You never split a pudding. You never wrote Elbereth's name. You never violated your personal moral code. Dungeon overview: The Dungeons of Doom: levels 1 to 4 Level 1 some fountains a long staircase Level 2 an armor shop, a fountain Level 3 an altar to Venus Level 4 a general store stairs to The Gnomish Mines The Gnomish Mines: levels 5 to 9 Level 5 stairs to The Dungeons of Doom Level 6 Level 7 <- You were here Level 8 a hardware shop, some fountains, some trees Level 9 History has recorded: On T:1 you entered the Dungeons of Doom to retrieve the Amulet of Yendor! On T:313 you reached level 2 of The Dungeons of Doom. On T:706 you reached level 3 of The Dungeons of Doom. On T:926 you advanced to experience level 2. On T:1303 you reached level 4 of The Dungeons of Doom. On T:1639 you advanced to experience level 3. On T:1695 you reached level 1 of The Gnomish Mines. On T:1761 you advanced to experience level 4. On T:2170 you reached level 2 of The Gnomish Mines. On T:2202 you reached level 3 of The Gnomish Mines. On T:2218 you advanced to experience level 5. On T:2376 you reached level 5 of The Gnomish Mines. On T:2524 you advanced to experience level 6. Score breakdown: Gold: 311 ( 31 points) Experience: 6 levels ( 500 points) Exploration: 9 levels ( 240 points) Discoveries: 9 items ( 450 points) Variety of kills: 28 monsters ( 1400 points) Major goal: (nothing yet) ( 0 points) Survival: died (score multiplied by 3) Total score: 7863 Latest messages: The gold golem strikes at your displaced image and misses you! (2x) The plains centaur strikes at your displaced image and misses you! (2x) d - an uncursed +0 arrow (in quiver). The plains centaur punches you! The plains centaur kicks! The gold golem claws you! (2x) You hit the plains centaur. The plains centaur just misses! The plains centaur kicks! The gold golem claws you! The gold golem just misses! The dwarf strikes at your displaced image and misses you! The plains centaur punches you! The plains centaur kicks! The plains centaur punches you! The plains centaur kicks! Never mind. There appears to be no shopkeeper here to receive your payment. You begin praying to Venus. The plains centaur punches you! You die... The bag of holding is empty. The bag of holding is empty. Final status: Goodbye amy the Ranger, killed by a plains centaur, while praying... You died in The Gnomish Mines on dungeon level 7 with 7863 points, and 311 pieces of gold, after 2767 moves. You were level 6 with a maximum of 50 hit points when you died.